 Dungeon Crawl Stone Soup version 0.28-a0-691-gad6df49e81 (webtiles) character file.

Game seed: 8958165767110499576

95 cheechan the Skirmisher (level 4, -6/44 HPs)
             Began as a Naga Abyssal Knight on Oct 22, 2021.
             Was a Believer of Lugonu.
             Mangled by Terence (7 damage)
             ... on level 3 of the Dungeon.
             The game lasted 00:08:12 (2439 turns).

cheechan the Skirmisher (Naga Abyssal Knight)       Turns: 2439, Time: 00:08:12

Health: -6/44      AC:  3    Str: 17    XL:     4   Next: 66%
Magic:  5/5        EV:  9    Int: 10    God:    Lugonu [**....]
Gold:   134        SH:  5    Dex: 11    Spells: 3/3 levels left

rFire   . . .      SeeInvis +   a - +2 hand axe
rCold   . . .      Faith    .   (no shield)
rNeg    . . .      Spirit   .   b - +0 leather armour
rPois   +          Reflect  +   (no helmet)
rElec   .          Harm     .   (no cloak)
rCorr   .          Rampage  .   (no gloves)
Will    .....                   (no barding)
Stlth   +.........              h - amulet of reflection
HPRegen 0.14/turn               (no ring)
MPRegen 0.09/turn               (no ring)

@: short of breath, very slow
A: AC +1, large, see invisible, deformed body, poison resistance, slowness 2,
spit poison 1, naga tail 1
a: Spit Poison, Renounce Religion, Depart the Abyss, Bend Space


You were on level 3 of the Dungeon.
You worshipped Lugonu.
Lugonu was pleased with you.
You visited 1 branch of the dungeon, and saw 3 of its levels.
You visited the Abyss 1 time.

You collected 134 gold pieces.

Inventory:

Hand Weapons
 a - a +2 hand axe (weapon)
Missiles
 c - 22 arrows
 d - 38 bolts
 g - 35 stones
 i - 12 poisoned darts
Armour
 b - a +0 leather armour (worn)
Jewellery
 h - an amulet of reflection (around neck)
Potions
 e - a potion of brilliance
 f - a potion of lignification {unknown}
 j - 2 potions of might {unknown}


   Skills:
 + Level 3.8 Fighting
 + Level 2.6 Axes
 + Level 2.2 Armour
 + Level 1.6 Dodging
 + Level 0.8 Stealth
 + Level 0.2 Shields
 + Level 2.0 Invocations


You had 3 spell levels left.
You didn't know any spells.
Your spell library contained the following spells:

 Spells                   Type           Power      Damage    Failure   Level
 Corpse Rot               Necr/Air       0%         N/A       56%         2
 Poisonous Vapours        Pois/Air       0%         N/A       56%         2


Dungeon Overview and Level Annotations

Branches:
Dungeon (3/15)

Altars:

Shops:
D:2 *

Annotations:
D:3 Terence


Innate Abilities, Weirdness & Mutations

Your serpentine skin is tough. (AC +1)
You have supernaturally acute eyesight. (SInv)
Armour fits poorly on your strangely shaped body.
Your system is resistant to poisons. (rPois)
You cover ground very slowly.
You can spit poison.
You have a snake-like lower body.


Message History

You barely miss the kobold.
The kobold is heavily wounded.
The kobold barely misses you.
You slash the kobold!
You kill the kobold!
Lugonu accepts your kill. The dart slug launches a dart at you.
The slug dart misses you. The dart slug bites you.
Things that are here:
a +0 whip; 3 stones; a kobold corpse You slash the dart slug!
The dart slug is severely wounded.
Terence drinks a potion.
Terence goes berserk!
The dart slug launches a dart at you. The slug dart hits you.
You hit the dart slug.
You kill the dart slug!
Lugonu accepts your kill.
You can now bend space around yourself.
Terence closely misses you.
Abil: Spit Poison
Press: ? - help, Q - select action, (/) - cycle Shift-Dir - straight line, f - Terence
Aim: Terence, wielding a +0 flail and wearing a +0 scale mail (berserk)
The splash of poison hits Terence.
Terence is poisoned.
Terence is lightly wounded.
You block Terence's attack.
You hit Terence.
Terence is moderately wounded.
Terence closely misses you. Terence hits you with a +0 flail!
You hit Terence but do no damage.
Terence is moderately wounded.
You block Terence's attack. Terence closely misses you.
You closely miss Terence.
Terence is moderately wounded.
Terence hits you with a +0 flail!!
* * * LOW HITPOINT WARNING * * *
Okay, then.
You aren't carrying any scrolls.
Terence looks more healthy.
Terence hits you with a +0 flail!
You die...

#.. #.. ..# ##.##
... #.# #.#
#.#####@#########.
......).@.<.......
#######.##########
#.# ..# ####


You could see Terence (berserk).

Vanquished Creatures
  An iguana (D:3)
  2 adders (D:2)
  A dart slug (D:3)
  An orc (D:3)
  3 endoplasms
  A giant cockroach (D:2)
  7 goblins
  5 hobgoblins
  3 quokkas
  2 ball pythons (D:1)
  6 bats
  7 frilled lizards
  7 kobolds
  5 rats
51 creatures vanquished.

Vanquished Creatures (others)
  4 fungi (D:2)
  17 plants (D:2)
21 creatures vanquished.

Grand Total: 72 creatures vanquished

Notes
Turn   | Place    | Note
-------+----------+-------------------------------------------
     0 | Abyss:1  | cheechan the Naga Abyssal Knight began the quest for the
                  | Orb.
     0 | Abyss:1  | Reached XP level 1. HP: 21/21 MP: 2/2
    64 | Abyss:3  | Noticed a small abomination
    67 | Abyss:3  | Noticed a worldbinder
    67 | D:1      | Escaped the Abyss
   361 | D:1      | Reached XP level 2. HP: 22/28 MP: 3/3
   410 | D:1      | Reached * piety under Lugonu
   543 | D:1      | Reached skill level 1 in Dodging
  1035 | D:1      | Reached XP level 3. HP: 3/34 MP: 4/4
  1035 | D:1      | HP: 1/34 [goblin (3)]
  1791 | D:2      | Reached XP level 4. HP: 42/44 MP: 5/5
  1893 | D:2      | Found Bugovad's Assorted Antiques.
  2143 | D:2      | Found a faded altar of an unknown god.
  2429 | D:3      | Noticed Terence
  2434 | D:3      | Reached ** piety under Lugonu
  2438 | D:3      | HP: 1/44 [Terence (18)]
  2439 | D:3      | Mangled by Terence

Illustrated notes

Levels and vault maps discovered:
D:1:      minmay_arrival_jagged, layout_rooms, corner_web_ring
D:2:      cheibrodos_old_hovel, layout_basic,
          dreamdust_ecumenical_altar_hidden_monk_grotto, serial_shops,
          nicolae_shop_overgrown_old_shop
D:3:      layout_loops_ring, uniq_terence

Skill      XL: |  1  2  3 |
---------------+----------+-----
Dodging        | 1 |  1.6
Armour         | 2 |  2.2
Fighting       | |  3.8
Axes           | |  2.6
Stealth        | |  0.8
Shields        | |  0.2
Invocations    | |  2.0

Action                   |  1- 3 |  4- 6 || total
-------------------------+-------+-------++-------
Melee: Hand axe          |    91 |    57 ||   148
Invok: Depart the Abyss  |     1 |       ||     1
 Abil: Spit Poison       |    19 |     4 ||    23
  Use: Scroll            |     2 |     1 ||     3
       Potion            |     1 |       ||     1
Armor: Leather armour    |    61 |    19 ||    80
Dodge: Dodged            |    90 |    28 ||   118
Block: Other             |    14 |    24 ||    38

Table legend: (Time is in decaauts)
 A = Elapsed time spent in this place.
 B = Non-inter-level travel time spent in this place.
 C = Inter-level travel time spent in this place.
 D = Time resting spent in this place.
 E = Time spent auto-exploring this place.
 F = Levels seen in this place.
 G = Mean time per level.
                   A        B        C        D        E       F      G
               +--------+--------+--------+--------+--------+-----+--------+
         Total |   2999 |   2999 |      0 |    887 |      0 |   6 |  499.8 |
       Dungeon |   2909 |   2909 |      0 |    887 |      0 |   3 |  969.7 |
         Abyss |     90 |     90 |      0 |      0 |      0 |   3 |   30.0 |
               +--------+--------+--------+--------+--------+-----+--------+

Top non-repeatable levels by time:
     D:1: 1618 daAuts
     D:2: 1150 daAuts
     D:3: 140 daAuts
 Abyss:2: 37 daAuts
 Abyss:1: 36 daAuts
 Abyss:3: 16 daAuts
